 Dungeon Sprint DCSS version 0.19.0-20-gbc5f0c6 (webtiles) character file.

2068 equalderp2856 the Ripper (level 9, 0/45 HPs)
             Began as a Felid Fighter on Nov 16, 2016.
             Slain by an orc knight
             ... wielding a +1 long sword of holy wrath
              (27 damage)
             ... in the Dungeon (Sprint IX: "|||||||||||||||||||||||||||||").
             The game lasted 00:04:03 (2784 turns).

equalderp2856 the Ripper (Felid Fighter)            Turns: 2784, Time: 00:04:04

Health: 0/45       AC:  2    Str: 13    XL:     9   Next: 5%
Magic:  10/10      EV: 29    Int: 10    God:
Gold:   750        SH:  0    Dex: 17    Spells: 0 memorised, 8 levels left
                                        Lives:  0   Deaths: 2

rFire  . . .     SeeInvis +       - Unarmed
rCold  . . .     Gourm    .     (armour unavailable)
rNeg   . . .     Faith    .     (shield unavailable)
rPois  .         Spirit   .     (helmet unavailable)
rElec  .         Reflect  .     (cloak unavailable)
rCorr  .         Harm     .     (gloves unavailable)
MR     +....     NoTele   +     (boots unavailable)
Stlth  ++++......               (no amulet)
                                (no ring)
                                (no ring)

@: quick
A: no armour, no weapons or thrown items, stealth, claws 1, fangs 3, see
invisible, carnivore 3, speed 1, shaggy fur 2, slow metabolism 1, sharp paws
a: no special abilities


You were in the Dungeon.
You were not hungry.

You visited 1 branch You collected 750 gold pieces.

Inventory:

Jewellery
 m - a +3 ring of intelligence
 n - a +3 ring of strength
 o - an uncursed ring of wizardry
 p - an uncursed ring of ice
Wands
 l - a wand of acid (7/15)
Scrolls
 h - 2 scrolls of blinking
 j - 4 scrolls of remove curse
 k - 3 scrolls of amnesia
Potions
 a - a potion of might
 c - a potion of invisibility
 d - 2 potions of heal wounds
 e - a potion of haste
 f - 4 potions of magic
 g - a potion of berserk rage
 i - 4 potions of curing
Comestibles
 b - 13 meat rations


   Skills:
 + Level 8.8 Fighting
 + Level 13.3 Dodging
 + Level 6.0 Stealth
 + Level 16.9 Unarmed Combat


You had 8 spell levels left.
You didn't know any spells.

Dungeon Overview and Level Annotations

Branches:
Dungeon (1/1)

Altars:
Cheibriados
Dithmenos
Elyvilon
Fedhas
Gozag
Hepliaklqana
Kikubaaqudgha
Makhleb
Nemelex Xobeh
Okawaru
Qazlal
Ru
Sif Muna
Trog
Uskayaw
Vehumet
Xom
Yredelemnul
Zin
The Shining One
Beogh
Jiyva
Lugonu


Innate Abilities, Weirdness & Mutations

You cannot wear armour.
You are incapable of wielding weapons or throwing items.
Your paws allow you to move quietly. (Stealth)
You have sharp claws.
You have razor-sharp teeth.
You have supernaturally acute eyesight. (SInv)
You are carnivorous and can eat meat at any time.
You cover ground quickly.
You are covered in thick fur. (AC +2)
You have a slow metabolism.
Your sharp claws are effective at attacking unaware monsters.


Message History

The orc warrior completely misses you.
You scratch the orc warrior but do no damage.
You claw the orc warrior, but do no damage.
The orc warrior is heavily wounded.
The orc warrior misses you.
You mangle the orc warrior!!
You kill the orc warrior!
Your Stealth skill increases to level 6!
You scratch the orc warrior but do no damage.
You claw the orc warrior!
The orc warrior is moderately wounded.
You scratch the orc knight.
The orc knight is lightly wounded.
You scratch the orc knight.
The orc knight is lightly wounded.
You claw the orc knight!
The orc knight is moderately wounded.
The orc knight hits you with a long sword of holy wrath!!
Ouch! That really hurt!
You die...

▓.▓
▓)▓)▓
▓.▓
▓)▓.▓
▓.▓
▓.▓.▓
▓†▓
▓.▓.▓
▓)▓
▓.▓o▓
▓)▓
▓.▓.▓
▓.▓
▓o▓o▓
▓.▓
▓o▓.▓
▓.▓
▓@▓o▓
▓'▓
▓.▓)▓
▓.▓
▓.▓.▓
▓.▓
▓.▓.▓
▓.▓
▓.▓)▓
▓.▓
▓.▓.▓
▓.▓
▓.▓.▓
▓'▓
▓.▓.▓
▓_▓
▓.▓)▓


You could see an orc knight and an orc warrior.

Vanquished Creatures
  An orc knight (D)
  An elephant (D)
  3 polar bears (D)
  6 black bears (D)
  An ice beast (D)
  7 orc warriors (D)
  An ogre (D)
  A bullfrog (D)
  A scorpion (D)
  2 orc priests (D)
  4 orc wizards (D)
  A leopard gecko (D)
  6 orcs (D)
  A bat skeleton (D)
  A bat zombie (D)
  2 goblins (D)
  A hobgoblin (D)
  A rat (D)
41 creatures vanquished.

Vanquished Creatures (others)
  A spatial maelstrom (D)
1 creature vanquished.

Grand Total: 42 creatures vanquished

Notes
Turn   | Place    | Note
-------+----------+-------------------------------------------
     0 | D        | equalderp2856 the Felid Fighter began the quest for the Orb.
     0 | D        | Reached XP level 1. HP: 10/10 MP: 2/2
    19 | D        | Reached skill level 5 in Unarmed Combat
    21 | D        | Banished a spatial maelstrom
   305 | D        | Noticed an ice beast
   305 | D        | Noticed a scorpion
   546 | D        | Killed an ice beast
   546 | D        | Reached skill level 1 in Stealth
   546 | D        | Reached skill level 8 in Unarmed Combat
   546 | D        | Reached XP level 2. HP: 15/15 MP: 3/3
   546 | D        | Reached XP level 3. HP: 18/18 MP: 4/4
   546 | D        | Reached XP level 4. HP: 22/22 MP: 5/5
   572 | D        | Reached skill level 5 in Fighting
   572 | D        | Reached skill level 9 in Unarmed Combat
   572 | D        | Reached XP level 5. HP: 22/26 MP: 6/6
   585 | D        | Found a roughly hewn altar of Beogh.
   585 | D        | Found a snail-covered altar of Cheibriados.
   585 | D        | Found a shadowy altar of Dithmenos.
   585 | D        | Found a white marble altar of Elyvilon.
   585 | D        | Found a blossoming altar of Fedhas.
   585 | D        | Found an opulent altar of Gozag.
   586 | D        | Found a hazy altar of Hepliaklqana.
   587 | D        | Found a viscous altar of Jiyva.
   588 | D        | Found an ancient bone altar of Kikubaaqudgha.
   589 | D        | Found a corrupted altar of Lugonu.
   590 | D        | Found a burning altar of Makhleb.
   591 | D        | Found a sparkling altar of Nemelex Xobeh.
   592 | D        | Found an iron altar of Okawaru.
   593 | D        | Found a stormy altar of Qazlal.
   594 | D        | Found a sacrificial altar of Ru.
   595 | D        | Found a deep blue altar of Sif Muna.
   596 | D        | Found a bloodstained altar of Trog.
   597 | D        | Found a hide-covered altar of Uskayaw.
   598 | D        | Found a radiant altar of Vehumet.
   599 | D        | Found a shimmering altar of Xom.
   600 | D        | Found a basalt altar of Yredelemnul.
   601 | D        | Found a glowing silver altar of Zin.
   602 | D        | Found a glowing golden altar of the Shining One.
   767 | D        | Noticed a black bear
   767 | D        | Noticed an ogre
   767 | D        | Noticed an orc warrior
   767 | D        | Noticed a wyvern
   767 | D        | Noticed a centaur
   771 | D        | Killed a black bear
   771 | D        | Reached skill level 10 in Unarmed Combat
   774 | D        | Killed an ogre
   774 | D        | Reached skill level 11 in Unarmed Combat
   774 | D        | Gained mutation: You are covered in thick fur. (AC +2) [Felid growth]
   774 | D        | Reached XP level 6. HP: 31/31 MP: 7/7
   777 | D        | HP: 1/31 [poisoned by an orc warrior]
   778 | D        | Succumbed to an orc warrior's poison
   779 | D        | Reached XP level 5. HP: -1/27 MP: 6/6
   784 | D        | Noticed a polar bear
   784 | D        | Noticed a black bear
   785 | D        | Noticed a polar bear
   786 | D        | Noticed a polar bear
   787 | D        | Noticed a black bear
   790 | D        | Noticed a black bear
   793 | D        | Noticed a black bear
   798 | D        | Killed a polar bear
   798 | D        | Reached skill level 12 in Unarmed Combat
   798 | D        | Reached XP level 6. HP: 5/31 MP: 7/7
  1064 | D        | Reached skill level 10 in Dodging
  1064 | D        | Reached skill level 13 in Unarmed Combat
  1064 | D        | Reached XP level 7. HP: 24/36 MP: 8/8
  1073 | D        | Killed a polar bear
  1342 | D        | Reached skill level 14 in Unarmed Combat
  1480 | D        | Killed a polar bear
  1480 | D        | Reached XP level 8. HP: 28/40 MP: 9/9
  1857 | D        | Noticed a spiny frog
  1857 | D        | Noticed a death yak
  1857 | D        | Noticed a black mamba
  1857 | D        | Noticed an elephant
  1859 | D        | Noticed a seven-headed hydra
  1867 | D        | Killed an elephant
  1867 | D        | Reached skill level 15 in Unarmed Combat
  1882 | D        | HP: 2/40 [black mamba (9)]
  1887 | D        | Slain by a black mamba
  1888 | D        | Reached XP level 7. HP: -2/37 MP: 8/8
  1972 | D        | Noticed an orc knight
  2028 | D        | Killed an orc knight
  2028 | D        | Reached skill level 5 in Stealth
  2028 | D        | Reached skill level 16 in Unarmed Combat
  2028 | D        | Reached XP level 8. HP: 17/41 MP: 9/9
  2264 | D        | Noticed an orc knight
  2742 | D        | Reached XP level 9. HP: 45/45 MP: 10/10
  2784 | D        | Slain by an orc knight

Skill      XL: |  1  2  3  4  5  6  7  8  9 |
---------------+----------------------------+-----
Unarmed Combat | 8 9 12 13 16 15 | 16.9
Fighting       | 4 5 6 7 8 |  8.8
Dodging        | 6 7 9 10 12 13 | 13.3
Stealth        | 1 2 5 4 6 |  6.0

Action                   |  1- 3 |  4- 6 |  7- 9 || total
-------------------------+-------+-------+-------++-------
Melee: Unarmed           |    26 |    46 |   131 ||   203
       Bite              |       |    10 |    15 ||    25
       Punch             |       |     4 |    11 ||    15
  Use: Potion            |       |     2 |       ||     2
 Stab: Distracted        |       |       |     1 ||     1
  Eat: Chunk             |       |       |     4 ||     4
Armor: Skin              |       |     3 |     1 ||     4
Dodge: Dodged            |    15 |    46 |   112 ||   173
